 Dungeon Crawl Stone Soup version 0.31-a0-1001-g770356a28f (webtiles) character file.

Game seed: 4106030124457908037

3473 BinkBink the Basher (level 9, 0/81 HPs)
             Began as a Minotaur Fighter on Nov 8, 2023.
             Was a Priest of Qazlal.
             Killed from afar by an electric eel (5 damage)
             ... with a bolt of electricity
             ... on level 8 of the Dungeon.
             The game lasted 00:07:03 (7629 turns).

BinkBink the Basher (Minotaur Fighter)              Turns: 7629, Time: 00:07:05

Health: 0/81       AC: 11    Str: 25    XL:     9   Next: 79%
Magic:  8/8        EV: 13    Int:  4    God:    Qazlal [***...]
Gold:   445        SH: 10    Dex: 19    Spells: 8/8 levels left

rFire   . . .        F - +8 flail "Buuhu" {chaos, rC+ rN+ Dex+3}
rCold   + + .        c - +0 buckler
rNeg    + . .        b - +0 scale mail
rPois   .            (helmet restricted)
rElec   .            K - scarf {shadows}
rCorr   .            L - +1 pair of gloves
SInv    .            u - +0 pair of boots of Tawkuinu {Rampage rC+ Str+3}
Will    .....        (no amulet) Stlth
                     (no ring)
HPRegen 0.33/turn    (no ring)
MPRegen 0.11/turn

%: rampage
@: no status effects
A: horns 2, retaliatory headbutt, agile 1, no potion heal 1
a: Renounce Religion, Upheaval, Elemental Force


You were on level 8 of the Dungeon.
You worshipped Qazlal.
Qazlal was most pleased with you.
You visited 2 branches of the dungeon, and saw 9 of its levels.
You also visited: Ossuary.

You collected 445 gold pieces.

Inventory:

Hand Weapons
 a - a +0 trident
 F - the +8 flail "Buuhu" (weapon) {chaos, rC+ rN+ Dex+3}
   (You found it on level 4 of the Dungeon)

   Dex+3:     It affects your dexterity (+3).
   rC+:       It protects you from cold.
   rN+:       It protects you from negative energy.
Missiles
 i - 2 throwing nets
Armour
 b - a +0 scale mail (worn)
 c - a +0 buckler (worn)
 u - the +0 pair of boots of Tawkuinu (worn) {Rampage rC+ Str+3}
   (You found it on level 3 of the Dungeon)

   Str+3:     It affects your strength (+3).
   rC+:       It protects you from cold.
   Rampage:   It bestows one free step when moving towards enemies.
 K - a scarf of shadows (worn)
 L - a +1 pair of gloves (worn)
Jewellery
 M - a ring of fire
Wands
 E - a wand of polymorph (8)
 H - a wand of iceblast (9)
 N - a wand of mindburst (21)
Scrolls
 e - 8 scrolls of identify {unknown}
 h - a scroll of silence {unknown}
 l - 3 scrolls of amnesia {unknown}
 m - 2 scrolls of blinking {unknown}
 o - 2 scrolls of brand weapon {unknown}
 p - 3 scrolls of vulnerability {unknown}
 q - 6 scrolls of teleportation {unknown}
 r - 2 scrolls of revelation {unknown}
 s - 2 scrolls of enchant weapon {unknown}
 t - 2 scrolls of fog {unknown}
 v - 2 scrolls of fear {unknown}
 w - 2 scrolls of poison {unknown}
 y - a scroll of torment {unknown}
 C - a scroll of enchant armour {unknown}
 G - 2 scrolls of immolation {unknown}
Potions
 d - 2 potions of might
 f - a potion of heal wounds {unknown}
 g - 2 potions of mutation
 j - a potion of attraction {unknown}
 k - 4 potions of curing {unknown}
 n - 2 potions of degeneration {unknown}
 x - 3 potions of enlightenment {unknown}
 z - 3 potions of haste {unknown}
 A - a potion of invisibility {unknown}
 B - a potion of lignification {unknown}
 D - 2 potions of cancellation {unknown}
 I - a potion of magic {unknown}
 J - a potion of brilliance {unknown}


   Skills:
 + Level 8.0 Fighting
 * Level 8.3 Maces & Flails
 - Level 4.5 Polearms
 + Level 8.0 Armour
 + Level 6.1 Dodging
 + Level 7.8 Shields


You had 8 spell levels left.
You didn't know any spells.
Your spell library contained the following spells:

 Spells                   Type           Power      Damage    Failure   Level
 Kiss of Death            Conj/Necr      0%         2d5       80%         1
 Necrotise                Necr           0%         1d4       80%         1
 Wereblood                Tmut           0%         N/A       91%         2
 Confusing Touch          Hex            0%         N/A       99%         3
 Vampiric Draining        Necr           0%         2d6       99%         3
 Anguish                  Hex/Necr       0%         N/A       100%        4
 Cause Fear               Hex            0%         N/A       100%        4
 Dispel Undead            Necr           0%         3d6       100%        4
 Agony                    Necr           0%         N/A       100%        5
 Irradiate                Conj/Tmut      0%         3d11      100%        5
 Enfeeble                 Hex            0%         N/A       100%        7


Dungeon Overview and Level Annotations

Branches:
Dungeon (8/15)             Temple (1/1) D:4         Ossuary (visited)
   Lair: D:8-11

Altars:
Ashenzari
Cheibriados
Dithmenos
Elyvilon
Fedhas
Gozag
Hepliaklqana
Kikubaaqudgha
Nemelex Xobeh
Okawaru
Qazlal
Ru
Sif Muna
Trog
Uskayaw
Wu Jian
Xom
Yredelemnul
Zin
The Shining One

Annotations:
D:6 2 transporters, 1 runed translucent door


Innate Abilities, Weirdness & Mutations

You have a pair of horns on your head.
You reflexively headbutt those who attack you in melee.
You are agile. (Dex +4, Str/Int -1)
Potions are less effective at restoring your health.


Message History

The orc priest mumbles some strange prayers to Beogh against you.
Beogh smites you!
The electric eel shoots out a bolt of lightning at you!
The bolt of electricity hits the orc!
The orc dies!
The bolt of electricity hits you.
Your Armour skill increases to level 8!
You rampage towards the electric eel!
The electric eel shoots out a bolt of lightning at you!
The bolt of electricity hits you.
The orc priest hits you but does no damage.
The electric eel shoots out a bolt of lightning at you!
The bolt of electricity misses you.
You are too injured to fight recklessly!
You are too injured to fight recklessly!
You are too injured to fight recklessly!
Unknown command.
You are too injured to fight recklessly!
You are too injured to fight recklessly!
The electric eel shoots out a bolt of lightning at you!
The bolt of electricity hits you!
The orc priest attacks as it pursues you!
The orc priest closely misses you.
The electric eel shoots out a bolt of lightning at you!
The bolt of electricity hits you!
* * * LOW HITPOINT WARNING * * *
The electric eel shoots out a bolt of lightning at you!
The bolt of electricity hits you!
* * * LOW HITPOINT WARNING * * *
The electric eel shoots out a bolt of lightning at you!
The bolt of electricity hits you!
* * * LOW HITPOINT WARNING * * *
There is an open door here.
It was a potion of mutation.
You feel extremely strange.
Your system partially rejects the healing effects of potions.
You feel agile. You block the orc priest's attack.
The electric eel shoots out a bolt of lightning at you!
The bolt of electricity hits you.
You die...

######## ###......#
##...####@###
##..###≈≈≈o≈≈##
#######..##≈≈S..°.≈≈##
#.......##≈≈.......≈≈#
#.....###≈≈......)..≈#
#.....# #≈...[......≈#
#....## ≈≈.......♣..S#
#....# ≈.....♣.....≈#
#....# ≈..♣.......≈≈#


You could see 2 electric eels and an orc priest.

Vanquished Creatures
  Prince Ribbit (D:6)
  Sigmund (D:6)
  2 steam dragons
  3 water moccasins
  2 orc warriors (D:8)
  2 sky beasts
  2 ice beasts
  A black bear (D:8)
  3 ogres (D:6)
  3 centaurs
  A phantom (D:5)
  A kobold brigand (D:6)
  2 water moccasin zombies (Ossuary)
  2 scorpions (D:5)
  4 wights (D:6)
  A howler monkey (D:5)
  An electric eel (D:6)
  5 hounds
  4 jellies
  2 orc priests
  Jessica (D:2)
  Ijyb (D:5)
  2 iguanas
  4 orc wizards
  3 mummies
  11 adders
  4 gnolls (D:6)
  A shadow imp (D:7)
  2 white imps
  2 ufetubi (D:6)
  6 adder zombies (Ossuary)
  3 worms
  2 dart slugs
  35 orcs
  6 ball pythons
  12 endoplasms
  2 giant cockroaches
  3 gnoll zombies (Ossuary)
  7 goblins
  12 hobgoblins
  5 jackals
  A quokka (D:3)
  2 bats
  6 frilled lizards
  5 hobgoblin zombies (Ossuary)
  18 kobolds
  6 kobold zombies (Ossuary)
  6 orc zombies (Ossuary)
  6 rats
217 creatures vanquished.

Vanquished Creatures (others)
  An orc (D:8)
1 creature vanquished.

Grand Total: 218 creatures vanquished

Notes
Turn   | Place    | Note
-------+----------+-------------------------------------------
     0 | D:1      | BinkBink the Minotaur Fighter began the quest for the Orb.
     0 | D:1      | Reached XP level 1. HP: 19/19 MP: 0/0
   118 | D:1      | Reached XP level 2. HP: 27/27 MP: 1/1
   706 | D:1      | Reached XP level 3. HP: 33/33 MP: 2/2
   959 | D:2      | Identified the +3 dagger of Urghar {elec, rN+}
   984 | D:2      | Noticed Jessica
   988 | D:2      | Killed Jessica
   989 | D:2      | Reached skill level 1 in Dodging
  1108 | D:2      | Reached XP level 4. HP: 40/40 MP: 3/3
  1658 | D:3      | Found a bloodstained altar of Trog.
  1746 | D:3      | Found a shadowy altar of Dithmenos.
  2004 | D:3      | Reached XP level 5. HP: 31/47 MP: 4/4
  2120 | D:3      | Found a basalt altar of Yredelemnul.
  2458 | D:3      | Identified the +0 pair of boots of Tawkuinu {Rampage rC+
                  | Str+3}
  2510 | D:3      | Found a glowing silver altar of Zin.
  2665 | D:4      | Found a sand-covered staircase.
  2677 | Ossuary  | Entered an ossuary
  2768 | Ossuary  | Reached XP level 6. HP: 44/55 MP: 5/5
  2840 | Ossuary  | Reached skill level 5 in Fighting
  2840 | Ossuary  | Reached skill level 5 in Armour
  2840 | Ossuary  | Reached skill level 5 in Shields
  2926 | D:4      | Found a staircase to the Ecumenical Temple.
  2955 | Temple   | Entered the Ecumenical Temple
  2984 | Temple   | Became a worshipper of Qazlal Stormbringer
  3457 | D:4      | Identified the +8 flail "Buuhu" {chaos, rC+ rN+ Dex+3}
  3489 | D:4      | Found an ancient bone altar of Kikubaaqudgha.
  3489 | D:4      | Found a glowing golden altar of the Shining One.
  3489 | D:4      | Found an iron altar of Okawaru.
  3489 | D:4      | Found an iron altar of Okawaru.
  3489 | D:4      | Found an ornate altar of the Wu Jian Council.
  3489 | D:4      | Found a snail-covered altar of Cheibriados.
  3492 | D:4      | Reached * piety under Qazlal
  3502 | D:4      | Reached skill level 1 in Maces & Flails
  3502 | D:4      | Reached XP level 7. HP: 20/61 MP: 6/6
  3743 | D:5      | Entered Level 5 of the Dungeon
  3871 | D:5      | Noticed Ijyb
  3880 | D:5      | Killed Ijyb
  3961 | D:5      | Found an opulent altar of Gozag.
  4195 | D:5      | Reached XP level 8. HP: 70/70 MP: 7/7
  4651 | D:6      | Found a shimmering altar of Xom.
  4797 | D:6      | Found a transporter.
  4800 | D:6      | Found a runed translucent door.
  4809 | D:6      | Noticed Prince Ribbit
  4816 | D:6      | Reached skill level 5 in Maces & Flails
  4817 | D:6      | Killed Prince Ribbit
  4826 | D:6      | Reached ** piety under Qazlal
  4882 | D:6      | Found a transporter.
  4932 | D:6      | Reached skill level 5 in Dodging
  4979 | D:6      | Found an iron altar of Okawaru.
  5084 | D:6      | Noticed Sigmund
  5100 | D:6      | Killed Sigmund
  5101 | D:6      | Reached XP level 9. HP: 79/79 MP: 8/8
  5152 | D:6      | Found a glowing golden altar of the Shining One.
  5952 | D:7      | Found an ancient bone altar of Kikubaaqudgha.
  5972 | D:7      | Found a hazy altar of Hepliaklqana.
  7527 | D:8      | Reached *** piety under Qazlal
  7628 | D:8      | HP: 4/81 [electric eel/bolt of electricity (9)]
  7629 | D:8      | Gained mutation: Potions are less effective at restoring
                  | your health. [potion of mutation]
  7629 | D:8      | Gained mutation: You are agile. (Dex +4, Str/Int -1)
                  | [potion of mutation]
  7629 | D:8      | Killed from afar by an electric eel

Illustrated notes

Levels and vault maps discovered:
D:1:      ncdulo_smallfort, layout_basic, minmay_vboxes
D:2:      layout_basic, uniq_jessica
D:3:      minmay_octagon_keep, layout_loops_ring, mainiacjoe_overflow_catwalk,
          lemuel_doored_altar, zin_treasury,
          mainiacjoe_overflow_surrounded_room, minmay_misc_feat_more_columns
D:4:      cheibrodos_fertilizer, layout_basic, temple_statues,
          gup_ossuary_entry_pyramid
D:5:      layout_cave_pods, nicolae_gozag_seed_capital, uniq_ijyb
D:6:      gammafunk_steamed_eel, layout_basic, mainiacjoe_overflow_alcove_4,
          xom_teletrap_fun, nicolae_overflow_crystal_walls, minivault_23,
          serial_bayou_pond_d, grunt_decor_mini_mirrors, nrook_pool_corridor,
          lightli_church_of_beogh, uniq_prince_ribbit1, uniq_sigmund
D:7:      layout_basic, mainiacjoe_overflow_boulevard, lemuel_round_altar
D:8:      layout_gridville, grunt_temple_overflow_lords_of_destruction,
          kennysheep_potato
Temple:   cyrus_temple_forest

Skill      XL: |  1  2  3  4  5  6  7  8  9 |
---------------+----------------------------+-----
Shields        | 4 5 6 7 |  7.8
Fighting       | 4 5 6 7 8 |  8.0
Armour         | 4 5 6 7 8 |  8.0
Polearms       | 3 4 |  4.5
Dodging        | 1 2 3 5 6 |  6.1
Maces & Flails | 1 3 6 8 |  8.3

Action                     |  1- 3 |  4- 6 |  7- 9 || total
---------------------------+-------+-------+-------++-------
  Melee: Trident           |    89 |   249 |       ||   338
         Headbutt          |    10 |    35 |    32 ||    77
         Flail             |       |    10 |   208 ||   218
    Use: Potion            |       |       |     1 ||     1
   Stab: Paralysed         |       |       |     1 ||     1
 Armour: Scale mail        |    48 |    93 |   131 ||   272
  Dodge: Dodged            |    32 |    86 |    99 ||   217
  Block: Buckler           |    11 |    46 |    87 ||   144

Table legend: (Time is in decaauts)
 A = Elapsed time spent in this place.
 B = Non-inter-level travel time spent in this place.
 C = Inter-level travel time spent in this place.
 D = Time resting spent in this place.
 E = Time spent auto-exploring this place.
 F = Levels seen in this place.
 G = Mean time per level.
                   A        B        C        D        E       F      G
               +--------+--------+--------+--------+--------+-----+--------+
         Total |   7711 |   7388 |    323 |    200 |   6010 |  10 |  771.1 |
       Dungeon |   7402 |   7107 |    295 |    166 |   5907 |   8 |  925.2 |
        Temple |     57 |     29 |     28 |      0 |      0 |   1 |   57.0 |
       Ossuary |    250 |    250 |      0 |     34 |    103 |   1 |  250.0 |
               +--------+--------+--------+--------+--------+-----+--------+

Top non-repeatable levels by time:
     D:6: 1214 daAuts
     D:7: 1073 daAuts
     D:3: 1062 daAuts
     D:5: 918 daAuts
     D:1: 877 daAuts
     D:4: 812 daAuts
     D:2: 740 daAuts
     D:8: 703 daAuts
 Ossuary: 250 daAuts
  Temple: 57 daAuts
